AoeStats
← Foster

Arena

509027132Analyzed
1v1 RM · 8d ago on Sep 25, 2026· 34m 45s· 2 players
Game mode
Random Map
Map size
Tiny (2 player)
Population
200
Speed
Normal
Resources
Standard
Victory
Conquest
Starting age
Dark Age
Ending age
Imperial Age
RankedLock teamsTeams togetherTeam positionsShared explorationLock speedFull tech treeHidden civsTurbo modeCheats
Victory
Defeat
🇫🇷 Cumans · France
774
+17
🇺🇸 Lithuanians · United States
799
-17
CyCyly
8:07 Loom
11:02 Feudal Age
12:07 Double-Bit Axe
12:40 Horse Collar
21:52 Castle Age
21:14 Scale Barding Armor
21:57 Forging
22:29 Bloodlines
25:05 Capped Ram
27:52 Chain Barding Armor
32:01 Iron Casting
35:36 Imperial Age
Foster
11:47 Feudal Age
16:11 Castle Age
19:44 Bloodlines
23:26 Wheelbarrow
22:39 Town Watch
22:48 Double-Bit Axe
22:55 Gold Mining
28:55 Imperial Age
26:11 Loom
28:06 Forging
29:27 Hand Cart
30:29 Conscription
30:59 Husbandry
33:33 Stone Mining
33:48 Town Patrol
Connection lost

Rejoining the realm…

Still unreachable

The connection could not be restored.

Session expired

The server has moved on; the page needs a fresh start.